AoeStats
← DK_Odysseo

Fortress

509675945Analyzed
4v4 RM · 5d ago on Sep 27, 2026· 63m 42s· 8 players
Game mode
Random Map
Map size
Huge
Population
200
Speed
Normal
Resources
Standard
Victory
Conquest
Starting age
Dark Age
Ending age
Imperial Age
RankedLock teamsTeams togetherTeam positionsShared explorationLock speedFull tech treeHidden civsTurbo modeCheats
Victory
Defeat
🇫🇮 Saracens · Finland
2034
+3
1845
+7
🇯🇵 Turks · Japan
1781
+9
🇲🇽 Chinese · Mexico
1778
+10
🇪🇸 Spanish · Spain
1696
-9
🇪🇸 Berbers · Spain
1663
-8
🇵🇱 Portuguese · Poland
1611
-6
🇳🇱 Burgundians · Netherlands
1592
-6
|Thepejezombie
0:41 Loom
7:38 Feudal Age
11:17 Castle Age
9:35 Double-Bit Axe
10:32 Town Watch
11:03 Horse Collar
12:12 Bow Saw
20:31 Wheelbarrow
26:04 Imperial Age
23:57 Hand Cart
23:59 Fletching
24:09 Padded Archer Armor
24:49 Masonry
25:00 Bodkin Arrow
26:26 Ballistics
27:23 Bracer
28:50 Chemistry
28:21 Architecture
28:39 Conscription
29:19 Arson
30:14 Scale Mail Armor
30:25 Forging
30:31 Pikeman
31:11 Squires
30:32 Elite Fire Lancer
31:26 Halberdier
40:28 Chain Mail Armor
40:48 Iron Casting
52:41 Town Patrol
52:51 Scale Barding Armor
53:46 Blast Furnace
54:53 Chain Barding Armor
55:25 Bloodlines
55:16 Husbandry
54:42 Light Cavalry
56:08 Town Patrol
56:48 Plate Barding Armor
63:44 Leather Archer Armor
64:02 Plate Mail Armor
经典不变的回忆 | memory
7:32 Feudal Age
8:34 Double-Bit Axe
9:08 Horse Collar
11:34 Castle Age
12:31 Bow Saw
12:22 Heavy Plow
18:37 Wheelbarrow
19:43 Gold Mining
20:03 Loom
21:29 Stone Mining
21:43 Fletching
23:12 Gold Shaft Mining
26:04 Imperial Age
24:19 Ballistics
24:06 Bodkin Arrow
24:48 Stone Shaft Mining
25:57 Hand Cart
25:30 Town Watch
26:15 Padded Archer Armor
26:52 Bracer
27:53 Chemistry
27:27 Conscription
27:32 Elite Mangudai
28:15 Husbandry
28:26 Bloodlines
29:15 Masonry
29:50 Leather Archer Armor
30:08 Thumb Ring
31:07 Parthian Tactics
32:38 Scale Barding Armor
32:44 Forging
33:16 Fortified Wall
33:12 Caravan
34:24 Coinage
36:04 Chain Barding Armor
36:19 Iron Casting
36:29 Light Cavalry
39:22 Blast Furnace
39:05 Hussar
44:22 Onager
45:30 Nomads
52:27 Siege Engineers
NeeNee
7:15 Feudal Age
10:43 Castle Age
8:56 Double-Bit Axe
9:12 Horse Collar
11:59 Bow Saw
11:50 Heavy Plow
13:42 Loom
18:38 Gold Mining
20:12 Wheelbarrow
24:34 Imperial Age
22:05 Fletching
22:42 Hand Cart
23:35 Gold Shaft Mining
22:57 Bodkin Arrow
23:48 Ballistics
23:19 Stone Mining
24:06 Thumb Ring
24:01 Padded Archer Armor
24:35 Sipahi
24:44 Bloodlines
25:03 Heavy Cavalry Archer
26:23 Bracer
28:18 Leather Archer Armor
28:56 Parthian Tactics
29:44 Ring Archer Armor
29:16 Husbandry
31:16 Bombard Tower
32:26 Two-Man Saw
32:14 Caravan
32:18 Artillery
32:39 Conscription
32:22 Treadmill Crane
32:53 Masonry
34:07 Scale Barding Armor
34:42 Forging
35:37 Chain Barding Armor
37:45 Plate Barding Armor
38:48 Architecture
39:59 Iron Casting
44:24 Blast Furnace
48:02 Town Watch
57:03 Fortified Wall
59:19 Guilds
TheMax
6:48 Feudal Age
10:26 Castle Age
8:38 Double-Bit Axe
11:21 Bow Saw
11:37 Horse Collar
16:37 Loom
17:36 Wheelbarrow
17:25 Heavy Plow
20:58 Town Watch
21:59 Husbandry
22:10 Bloodlines
27:48 Imperial Age
26:01 Scale Barding Armor
27:19 Chain Barding Armor
27:09 Forging
26:53 Gold Mining
26:56 Stone Mining
28:32 Gold Shaft Mining
28:54 Conscription
27:56 Heavy Camel Rider
29:12 Hand Cart
29:42 Plate Barding Armor
30:59 Iron Casting
30:03 Elite Mameluke
32:55 Two-Man Saw
33:24 Blast Furnace
33:14 Caravan
34:03 Fletching
34:47 Bimaristan
34:38 Capped Ram
36:03 Siege Ram
37:25 Coinage
37:59 Siege Engineers
37:52 Bodkin Arrow
45:20 Masonry
45:47 Hoardings
46:15 Fortified Wall
45:55 Guard Tower
46:07 Bracer
48:06 Murder Holes
50:11 Banking
49:10 Onager
50:02 Counterweights
51:09 Siege Onager
DK_virot16
7:23 Feudal Age
11:08 Castle Age
9:25 Padded Archer Armor
9:10 Horse Collar
9:21 Double-Bit Axe
10:09 Fletching
12:14 Husbandry
12:25 Bloodlines
13:02 Horse Collar
14:49 Wheelbarrow
21:13 Gold Mining
22:13 Bodkin Arrow
23:01 Loom
23:21 Town Watch
23:58 Leather Archer Armor
25:50 Ballistics
26:16 Bow Saw
26:07 Heavy Plow
31:02 Imperial Age
32:21 Conscription
32:03 Maghrebi Camels
31:46 Elite Camel Archer
32:28 Maghrebi Camels
33:05 Ring Archer Armor
32:36 Bracer
33:20 Bracer
34:32 Chemistry
33:50 Caravan
34:15 Kasbah
34:34 Masonry
35:20 Town Patrol
38:01 Thumb Ring
41:29 Crop Rotation
42:23 Light Cavalry
45:43 Heavy Camel Rider
46:40 Scale Barding Armor
46:45 Forging
54:17 Hussar
55:20 Chain Barding Armor
55:35 Iron Casting
55:01 Hussar
56:23 Hand Cart
56:38 Hussar
ForeveR
7:10 Feudal Age
11:04 Castle Age
9:00 Horse Collar
9:41 Double-Bit Axe
12:05 Bow Saw
12:07 Heavy Plow
13:00 Loom
15:52 Wheelbarrow
23:11 Imperial Age
22:23 Gold Mining
22:23 Stone Mining
22:34 Stone Mining
23:12 Fletching
24:56 Chemistry
26:57 Elite Organ Gun
28:19 Conscription
29:39 Siege Engineers
32:09 Arquebus
32:05 Bodkin Arrow
32:33 Ballistics
32:08 Murder Holes
35:35 Guilds
36:45 Coinage
39:12 Hand Cart
38:42 Town Watch
40:38 Caravan
41:08 Banking
40:40 Caravan
48:04 Bracer
Arie
1:46 Double-Bit Axe
2:35 Horse Collar
7:53 Feudal Age
9:28 Bow Saw
11:43 Castle Age
13:42 Wheelbarrow
13:47 Heavy Plow
19:12 Gold Mining
19:59 Hand Cart
26:11 Imperial Age
23:16 Cavalier
23:57 Husbandry
24:07 Scale Barding Armor
24:12 Forging
24:12 Town Watch
24:13 Loom
25:28 Chain Barding Armor
25:18 Burgundian Vineyards
26:15 Paladin
27:34 Plate Barding Armor
27:35 Iron Casting
27:24 Conscription
28:54 Light Cavalry
31:20 Blast Furnace
30:11 Fletching
30:35 Hussar
38:25 Caravan
51:03 Bodkin Arrow
63:03 Ballistics
63:44 Chemistry
62:46 Padded Archer Armor
62:52 Bracer
DK_Odysseo
6:41 Feudal Age
11:16 Castle Age
9:19 Horse Collar
9:58 Double-Bit Axe
12:12 Bow Saw
18:42 Wheelbarrow
17:55 Town Watch
19:46 Heavy Plow
20:51 Loom
24:04 Imperial Age
22:40 Bloodlines
22:30 Husbandry
22:31 Scale Mail Armor
23:03 Light Cavalry
24:27 Hand Cart
24:20 Scale Barding Armor
24:25 Forging
24:27 Cavalier
25:28 Chain Barding Armor
26:55 Plate Barding Armor
27:37 Paladin
28:38 Fletching
30:26 Iron Casting
31:03 Pikeman
31:46 Squires
32:04 Halberdier
32:45 Scale Mail Armor
33:46 Blast Furnace
33:14 Arson
33:45 Chain Mail Armor
33:52 Caravan
36:08 Gold Mining
36:09 Stone Mining
39:00 Supremacy
39:01 Conscription
40:11 Plate Mail Armor
40:41 Bodkin Arrow
41:48 Chemistry
41:08 Ballistics
40:59 Masonry
40:41 Guard Tower
42:26 Fortified Wall
43:07 Hoardings
45:22 Stone Shaft Mining
44:31 Sappers
48:57 Hussar
51:58 Coinage
52:35 Capped Ram
55:08 Siege Ram
Connection lost

Rejoining the realm…

Still unreachable

The connection could not be restored.

Session expired

The server has moved on; the page needs a fresh start.